| TOP OF THE 1ST |
|
Greeneville Astros batting - Pitching for Great Falls Voyagers : RHP Alje Velders
|
|
Pitching: RHP Alje Velders
|
|
|
Batting: RHB Jarno van Lente
|
0-0: Ball 1-0: Ball 2-0: Ball 3-0: Called Strike 3-1: Base on Balls
|
|
Batting: RHB Keith Goodwin
|
0-0: Grounds into double play, 5-4-3 (Groundball, 56S, EV 83.1 MPH)
|
|
Batting: RHB Hugo Priego
|
0-0: Ball 1-0: Ball 2-0: Ground out 2-3 (Groundball, 2L, EV 68.8 MPH)
|
| Top of the 1st over - 0 runs, 0 hits, 0 errors, 0 left on base; Greeneville 0 - Great Falls 0 |
| BOTTOM OF THE 1ST |
|
Great Falls Voyagers batting - Pitching for Greeneville Astros : LHP Jeremy Mellott
|
|
Pitching: LHP Jeremy Mellott
|
|
|
Batting: RHB Andy Cotton
|
0-0: Called Strike 0-1: Foul Ball, location: 2F 0-2: Foul Ball, location: 2F 0-2: Foul Ball, location: 2F 0-2: Ball 1-2: Ball 2-2: SINGLE (Line Drive, 7S, EV 84.4 MPH)
|
|
Batting: RHB Russ Cornett
|
0-0: Swinging Strike 0-1: Ball 1-1: Ball 2-1: Ball Andy Cotton steals 2nd base 3-1: Called Strike 3-2: SINGLE (Groundball, 56D, EV 98.1 MPH) Andy Cotton to third Runner from 3rd tries for Home, SAFE, throw by LF to home
|
|
Batting: SHB Rob Haney
|
0-0: Fly out, F9 (Flyball, 9D, EV 98.1 MPH)
|
|
Batting: RHB Billy Grubbs
|
0-0: Ball 1-0: Called Strike 1-1: Ball 2-1: Foul Ball, location: 2F 2-2: Strikes out swinging
|
|
Batting: RHB Mitch Cuadros
|
0-0: Ball 1-0: Swinging Strike 1-1: Ball 2-1: Ball 3-1: Base on Balls Russ Cornett to second
|
|
Batting: RHB Francisco Marin
|
0-0: Ball 1-0: Called Strike 1-1: Ball 2-1: Ball 3-1: Foul Ball, location: 2F 3-2: Base on Balls Russ Cornett to third Mitch Cuadros to second
|
|
Batting: RHB Enrique Gomez
|
0-0: Foul Ball, location: 2F 0-1: Ball 1-1: Ball 2-1: Swinging Strike 2-2: Ball 3-2: Fly out, F7 (Flyball, 78M, EV 86.2 MPH)
|
| Bottom of the 1st over - 1 run, 2 hits, 0 errors, 3 left on base; Greeneville 0 - Great Falls 1 |
| TOP OF THE 2ND |
|
Greeneville Astros batting - Pitching for Great Falls Voyagers : RHP Alje Velders
|
|
Batting: RHB John Moore
|
0-0: Foul Ball, location: 2F 0-1: Ball 1-1: Ball 2-1: Ball 3-1: Foul Ball, location: 2F 3-2: Base on Balls
|
|
Batting: RHB Roger Pelley
|
0-0: Ball 1-0: Grounds into double play, 5-4-3 (Groundball, 56, EV 85.6 MPH)
|
|
Batting: LHB Ryan Fridley
|
0-0: Foul Ball, location: 2F 0-1: Foul Ball, location: 2F 0-2: Foul Ball, location: 2F 0-2: Foul Ball, location: 2F 0-2: Ball 1-2: Ball 2-2: Strikes out swinging
|
| Top of the 2nd over - 0 runs, 0 hits, 0 errors, 0 left on base; Greeneville 0 - Great Falls 1 |
| BOTTOM OF THE 2ND |
|
Great Falls Voyagers batting - Pitching for Greeneville Astros : LHP Jeremy Mellott
|
|
Batting: LHB Jose Pereyra
|
0-0: Fly out, F8 (Flyball, 8LXD, EV 91.2 MPH)
|
|
Batting: RHB David Cortez
|
0-0: Called Strike 0-1: Ball 1-1: Ball 2-1: Swinging Strike 2-2: Strikes out swinging
|
|
Batting: RHB Andy Cotton
|
0-0: Called Strike 0-1: Foul Ball, location: 2F 0-2: Ball 1-2: Ball 2-2: Ball 3-2: Foul Ball, location: 2F 3-2: DOUBLE (Line Drive, 9LM, EV 101.2 MPH)
|
|
Batting: RHB Russ Cornett
|
0-0: Called Strike 0-1: Ball 1-1: Called Strike 1-2: Ball 2-2: DOUBLE (Groundball, 5L, EV 100.6 MPH) Andy Cotton scores
|
|
Batting: SHB Rob Haney
|
0-0: Ball 1-0: Ball 2-0: Swinging Strike 2-1: Ball 3-1: Ground out 6-3 (Groundball, 6, EV 81.2 MPH)
|
| Bottom of the 2nd over - 1 run, 2 hits, 0 errors, 1 left on base; Greeneville 0 - Great Falls 2 |
| TOP OF THE 3RD |
|
Greeneville Astros batting - Pitching for Great Falls Voyagers : RHP Alje Velders
|
|
Batting: RHB Domingas Saragoa
|
0-0: Ball 1-0: Foul Ball, location: 2F 1-1: Swinging Strike 1-2: Ball 2-2: Foul Ball, location: 2F 2-2: Strikes out swinging
|
|
Batting: LHB Gong Tow
|
0-0: Ball 1-0: Swinging Strike 1-1: Swinging Strike 1-2: Ball 2-2: Foul Ball, location: 2F 2-2: Ball 3-2: Strikes out swinging
|
|
Batting: RHB Devon Healy
|
0-0: Called Strike 0-1: Foul Ball, location: 2F 0-2: Ball 1-2: Strikes out swinging
|
| Top of the 3rd over - 0 runs, 0 hits, 0 errors, 0 left on base; Greeneville 0 - Great Falls 2 |
| BOTTOM OF THE 3RD |
|
Great Falls Voyagers batting - Pitching for Greeneville Astros : LHP Jeremy Mellott
|
|
Batting: RHB Billy Grubbs
|
0-0: Called Strike 0-1: Foul Ball, location: 2F 0-2: Foul Ball, location: 2F 0-2: Ball 1-2: Fly out, F9 (Line Drive, 9, EV 87.5 MPH)
|
|
Batting: RHB Mitch Cuadros
|
0-0: Ball 1-0: Foul Ball, location: 2F 1-1: Foul Ball, location: 2F 1-2: Strikes out swinging
|
|
Batting: RHB Francisco Marin
|
0-0: Ball 1-0: Foul Ball, location: 2F 1-1: Ball 2-1: Ball 3-1: Base on Balls
|
|
Batting: RHB Enrique Gomez
|
0-0: Ball 1-0: Swinging Strike 1-1: Ball 2-1: Foul Ball, location: 2F 2-2: Foul Ball, location: 2F 2-2: Ball 3-2: Base on Balls Francisco Marin to second
|
|
Batting: LHB Jose Pereyra
|
0-0: Ball 1-0: Ball 2-0: Ball 3-0: Called Strike 3-1: Base on Balls Francisco Marin to third Enrique Gomez to second
|
|
Batting: RHB David Cortez
|
0-0: Foul Ball, location: 2F 0-1: Ball 1-1: Fly out, F6 (Line Drive, 56D, EV 68.1 MPH)
|
| Bottom of the 3rd over - 0 runs, 0 hits, 0 errors, 3 left on base; Greeneville 0 - Great Falls 2 |
| TOP OF THE 4TH |
|
Greeneville Astros batting - Pitching for Great Falls Voyagers : RHP Alje Velders
|
|
Batting: RHB Jarno van Lente
|
0-0: Ball 1-0: Ball 2-0: Called Strike 2-1: Swinging Strike 2-2: Ball 3-2: Foul Ball, location: 2F 3-2: Base on Balls
|
|
Batting: RHB Keith Goodwin
|
0-0: Ground out 4-3 (Groundball, 34S, EV 86.9 MPH) Jarno van Lente to second
|
|
Batting: RHB Hugo Priego
|
0-0: Called Strike 0-1: Ball 1-1: Foul Ball, location: 2F 1-2: Strikes out looking
|
|
Batting: RHB John Moore
|
0-0: Called Strike 0-1: Ball 1-1: Called Strike 1-2: Foul Ball, location: 2F 1-2: Strikes out looking
|
| Top of the 4th over - 0 runs, 0 hits, 0 errors, 1 left on base; Greeneville 0 - Great Falls 2 |
| BOTTOM OF THE 4TH |
|
Great Falls Voyagers batting - Pitching for Greeneville Astros : LHP Jeremy Mellott
|
|
Batting: RHB Andy Cotton
|
0-0: Ball 1-0: Swinging Strike 1-1: Ball 2-1: Foul Ball, location: 2F 2-2: Ball 3-2: Ground out 6-3 (Groundball, 6, EV 106.9 MPH)
|
|
Batting: RHB Russ Cornett
|
0-0: Ground out 5-3 (Groundball, 56S, EV 92.5 MPH)
|
|
Batting: SHB Rob Haney
|
0-0: Ball 1-0: SINGLE (Line Drive, 7S, EV 92.5 MPH)
|
|
Pitching: RHP Ernie Bell
|
|
|
Batting: RHB Billy Grubbs
|
0-0: Ball Rob Haney steals 2nd base 1-0: Called Strike 1-1: Foul Ball, location: 2F 1-2: 2-RUN HOME RUN (Flyball, 7D, EV 98.1 MPH), Distance : 391 ft
|
|
Batting: RHB Mitch Cuadros
|
0-0: Called Strike 0-1: SINGLE (Flyball, 89S, EV 92.5 MPH)
|
|
Batting: RHB Francisco Marin
|
0-0: Fielders Choice at 2nd, 6-4 (Groundball, 6, EV 99.4 MPH)
|
| Bottom of the 4th over - 2 runs, 3 hits, 0 errors, 1 left on base; Greeneville 0 - Great Falls 4 |
| TOP OF THE 5TH |
|
Greeneville Astros batting - Pitching for Great Falls Voyagers : RHP Alje Velders
|
|
Batting: RHB Roger Pelley
|
0-0: Fly out, F3 (Popup, 3SF, EV 64.4 MPH)
|
|
Batting: LHB Ryan Fridley
|
0-0: Ball 1-0: Foul Ball, location: 2F 1-1: Ball 2-1: Ball 3-1: Base on Balls
|
|
Batting: RHB Domingas Saragoa
|
0-0: Called Strike 0-1: Foul Ball, location: 2F 0-2: Ball 1-2: Ball 2-2: Strikes out looking
|
|
Batting: LHB Gong Tow
|
0-0: Called Strike Ryan Fridley is caught stealing 2nd base 2-6
|
| Top of the 5th over - 0 runs, 0 hits, 0 errors, 0 left on base; Greeneville 0 - Great Falls 4 |
| BOTTOM OF THE 5TH |
|
Great Falls Voyagers batting - Pitching for Greeneville Astros : RHP Ernie Bell
|
|
Batting: RHB Enrique Gomez
|
0-0: Ground out 5-3 (Groundball, 56S, EV 84.4 MPH)
|
|
Batting: LHB Jose Pereyra
|
0-0: Called Strike 0-1: Ball 1-1: Foul Ball, location: 2F 1-2: Ball 2-2: Strikes out swinging
|
|
Batting: RHB David Cortez
|
0-0: Swinging Strike 0-1: Ball 1-1: Foul Ball, location: 2F 1-2: Fly out, F7 (Flyball, 7D, EV 101.9 MPH)
|
| Bottom of the 5th over - 0 runs, 0 hits, 0 errors, 0 left on base; Greeneville 0 - Great Falls 4 |
| TOP OF THE 6TH |
|
Greeneville Astros batting - Pitching for Great Falls Voyagers : RHP Alje Velders
|
|
Batting: LHB Gong Tow
|
0-0: Ball 1-0: SINGLE (Flyball, 8LS, EV 91.9 MPH)
|
|
Batting: RHB Devon Healy
|
0-0: Ball 1-0: Called Strike 1-1: Swinging Strike 1-2: Ball 2-2: Strikes out swinging
|
|
Batting: RHB Jarno van Lente
|
0-0: Foul Ball, location: 2F 0-1: Ball 1-1: Called Strike 1-2: Ball Passed Ball! Gong Tow to second 2-2: Ball 3-2: Fly out, F7 (Flyball, 78S, EV 78.8 MPH)
|
|
Batting: RHB Keith Goodwin
|
0-0: Ball 1-0: Ground out U3 (Groundball, 3, EV 105.6 MPH)
|
| Top of the 6th over - 0 runs, 1 hit, 0 errors, 1 left on base; Greeneville 0 - Great Falls 4 |
| BOTTOM OF THE 6TH |
|
Great Falls Voyagers batting - Pitching for Greeneville Astros : RHP Ernie Bell
|
|
Batting: RHB Andy Cotton
|
0-0: Ball 1-0: Foul Ball, location: 2F 1-1: Ball 2-1: Swinging Strike 2-2: Strikes out swinging
|
|
Batting: RHB Russ Cornett
|
0-0: Ball 1-0: Ball 2-0: Ball 3-0: Base on Balls
|
|
Batting: SHB Rob Haney
|
0-0: Ball Wild Pitch! Russ Cornett to second 1-0: SINGLE (Groundball, 56D, EV 102.5 MPH) (infield hit) Russ Cornett to third
|
|
Batting: RHB Billy Grubbs
|
0-0: Called Strike Rob Haney steals 2nd base 0-1: Called Strike 0-2: Strikes out swinging
|
|
Batting: RHB Mitch Cuadros
|
0-0: Ball 1-0: Called Strike 1-1: Ball 2-1: Ball 3-1: Base on Balls
|
|
Pitching: RHP Vinny Salazar
|
|
|
Batting: RHB Francisco Marin
|
0-0: Ball 1-0: Called Strike 1-1: Ball 2-1: Swinging Strike 2-2: Strikes out swinging
|
| Bottom of the 6th over - 0 runs, 1 hit, 0 errors, 3 left on base; Greeneville 0 - Great Falls 4 |
| TOP OF THE 7TH |
|
Greeneville Astros batting - Pitching for Great Falls Voyagers : RHP Alje Velders
|
|
Pitching: LHP James Reynolds
|
|
|
Batting: RHB Hugo Priego
|
0-0: Called Strike 0-1: Foul Ball, location: 2F 0-2: Ball 1-2: Ball 2-2: Foul Ball, location: 2F 2-2: SINGLE (Line Drive, 56, EV 97.5 MPH)
|
|
Batting: RHB John Moore
|
0-0: Ball 1-0: Ball 2-0: Fly out, F8 (Flyball, 8RXD, EV 103.1 MPH)
|
|
Batting: RHB Roger Pelley
|
0-0: Grounds into double play, 6-4-3 (Groundball, 6, EV 103.1 MPH)
|
| Top of the 7th over - 0 runs, 1 hit, 0 errors, 0 left on base; Greeneville 0 - Great Falls 4 |
| BOTTOM OF THE 7TH |
|
Great Falls Voyagers batting - Pitching for Greeneville Astros : RHP Vinny Salazar
|
|
Batting: RHB Enrique Gomez
|
0-0: Ball 1-0: Foul Ball, location: 2F 1-1: Ball 2-1: Called Strike 2-2: Foul Ball, location: 2F 2-2: Fly out, F7 (Line Drive, 7, EV 84.4 MPH)
|
|
Batting: LHB Jose Pereyra
|
0-0: Called Strike 0-1: Ground out 4-3 (Groundball, 4, EV 86.2 MPH)
|
|
Batting: RHB David Cortez
|
0-0: Called Strike 0-1: Called Strike 0-2: Foul Ball, location: 2F 0-2: Fly out, F7 (Line Drive, 7LM, EV 95.0 MPH)
|
| Bottom of the 7th over - 0 runs, 0 hits, 0 errors, 0 left on base; Greeneville 0 - Great Falls 4 |
| TOP OF THE 8TH |
|
Greeneville Astros batting - Pitching for Great Falls Voyagers : LHP James Reynolds
|
|
Batting: LHB Ryan Fridley
|
0-0: Ball 1-0: Called Strike 1-1: Ball 2-1: Swinging Strike 2-2: Strikes out looking
|
|
Batting: RHB Domingas Saragoa
|
0-0: Called Strike 0-1: Called Strike 0-2: Strikes out swinging
|
|
Batting: LHB Gong Tow
|
0-0: Foul Ball, location: 2F 0-1: Ball 1-1: Called Strike 1-2: Ball 2-2: Ball 3-2: Foul Ball, location: 2F 3-2: Strikes out swinging
|
| Top of the 8th over - 0 runs, 0 hits, 0 errors, 0 left on base; Greeneville 0 - Great Falls 4 |
| BOTTOM OF THE 8TH |
|
Great Falls Voyagers batting - Pitching for Greeneville Astros : RHP Vinny Salazar
|
|
Batting: RHB Andy Cotton
|
0-0: SINGLE (Groundball, 4MD, EV 95.0 MPH)
|
|
Batting: RHB Russ Cornett
|
0-0: Ball Andy Cotton is caught stealing 2nd base 2-4 1-0: Called Strike 1-1: Foul Ball, location: 2F 1-2: Ball 2-2: Ball 3-2: Foul Ball, location: 2F 3-2: TRIPLE (Flyball, 78XD, EV 101.2 MPH)
|
|
Pitching: RHP Marty Jackson
|
|
|
Batting: SHB Rob Haney
|
0-0: Swinging Strike 0-1: Ball 1-1: Swinging Strike 1-2: 2-RUN HOME RUN (Flyball, 9D, EV 102.5 MPH), Distance : 365 ft
|
|
Batting: RHB Billy Grubbs
|
0-0: Swinging Strike 0-1: Foul Ball, location: 2F 0-2: Foul Ball, location: 2F 0-2: SINGLE (Line Drive, 4M, EV 102.5 MPH)
|
|
Batting: RHB Mitch Cuadros
|
0-0: SINGLE (Line Drive, 8LS, EV 106.2 MPH) Billy Grubbs to second
|
|
Batting: RHB Francisco Marin
|
0-0: Ball 1-0: Ball 2-0: Foul Ball, location: 2F 2-1: Called Strike 2-2: Ball 3-2: DOUBLE (Line Drive, 9LM, EV 113.1 MPH) Billy Grubbs scores Mitch Cuadros to third
|
|
Batting: RHB Enrique Gomez
|
0-0: Foul Ball, location: 2F 0-1: Ground out 5-3 (Groundball, 56, EV 104.4 MPH) Mitch Cuadros scores
|
|
Batting: LHB Jose Pereyra
|
0-0: Ball 1-0: Ball 2-0: Foul Ball, location: 2F 2-1: Ball 3-1: Base on Balls
|
|
Batting: RHB David Cortez
|
0-0: Swinging Strike 0-1: Foul Ball, location: 2F 0-2: Foul Ball, location: 2F 0-2: Strikes out swinging
|
| Bottom of the 8th over - 4 runs, 6 hits, 0 errors, 2 left on base; Greeneville 0 - Great Falls 8 |
| TOP OF THE 9TH |
|
Greeneville Astros batting - Pitching for Great Falls Voyagers : LHP James Reynolds
|
|
Batting: RHB Devon Healy
|
0-0: Ball 1-0: Ball 2-0: Called Strike 2-1: Called Strike 2-2: Strikes out looking
|
|
Batting: RHB Jarno van Lente
|
0-0: Ball 1-0: Fly out, F9 (Flyball, 89S, EV 84.4 MPH)
|
|
Batting: RHB Keith Goodwin
|
0-0: Called Strike 0-1: Called Strike 0-2: Foul Ball, location: 2F 0-2: Ball 1-2: Foul Ball, location: 2F 1-2: Ball 2-2: Foul Ball, location: 2F 2-2: Ball 3-2: Foul Ball, location: 2F 3-2: Base on Balls
|
|
Batting: RHB Hugo Priego
|
0-0: Ball 1-0: Swinging Strike 1-1: Foul Ball, location: 2F 1-2: Ball 2-2: Strikes out looking
|
| Top of the 9th over - 0 runs, 0 hits, 0 errors, 1 left on base; Greeneville 0 - Great Falls 8 |
|